SAAA
ALLOWAY HALBERDS @ NAPERVILLE BATTLEKINGS
05/09/2025
 
TOP OF THE 1ST
Alloway Halberds batting - Pitching for Naperville Battlekings : RHP Javier Dávila
Pitching: RHP Javier Dávila
Batting: RHB Juan Salinas 0-0: Called Strike
0-1: Ground out 5-3 (Groundball, 56)
Batting: RHB Carlos Maldonado 0-0: Ball
1-0: Ball
2-0: Called Strike
2-1: TRIPLE (Line Drive, 8RM)
Batting: RHB Christovão Galho 0-0: Ball
1-0: Ball
2-0: Swinging Strike
2-1: SINGLE (Line Drive, 9S)
Carlos Maldonado scores
Batting: RHB Jarred Morgan 0-0: Ball
1-0: Ball
2-0: Called Strike
2-1: Ground out 5-3 (Groundball, 56S)
Christovão Galho to second
Batting: RHB Dennis Clifton 0-0: Foul Ball, location: 2F
0-1: Foul Ball, location: 2F
0-2: Foul Ball, location: 2F
0-2: Ball
1-2: Ball
2-2: SINGLE (Flyball, 8LS)
Christovão Galho to third
Batting: RHB Stewart Ralston 0-0: Called Strike
0-1: Foul Ball, location: 2F
0-2: SINGLE (Groundball, 34D)
Christovão Galho scores
Dennis Clifton to second
Runner from 2nd tries for 3rd, SAFE, throw made to third
Batting: LHB Tony Reynolds 0-0: Ball
1-0: Foul Ball, location: 2F
1-1: Ball
2-1: SINGLE (Line Drive, 7S)
Dennis Clifton scores
Stewart Ralston to second
Batting: LHB Esteban Casillas 0-0: Called Strike
0-1: Ball
Stewart Ralston is caught stealing 3rd base
Top of the 1st over - 3 run(s), 5 hit(s), 0 error(s), 0 left on base; Alloway 3 - Naperville 0
BOTTOM OF THE 1ST
Naperville Battlekings batting - Pitching for Alloway Halberds : LHP John Hamilton
Pitching: LHP John Hamilton
Batting: RHB Jim Unknown 0-0: Called Strike
0-1: Ball
1-1: Called Strike
1-2: Strikes out swinging
Batting: RHB António Guzmán 0-0: Ball
1-0: Ball
2-0: Ball
3-0: Base on Balls
Batting: RHB Jorge Baker 0-0: Called Strike
0-1: Foul Ball, location: 2F
0-2: Ball
1-2: Ball
2-2: Foul Ball, location: 2F
2-2: Ball
3-2: Base on Balls
António Guzmán to second
Batting: RHB Scott Zijm 0-0: 3-RUN HOME RUN (Line Drive, 8RXD), Distance : 434 ft
Batting: LHB Naohiro Sakai 0-0: Fly out, F8 (Flyball, 78S)
Batting: RHB Pedro González 0-0: Ball
1-0: Called Strike
1-1: Called Strike
1-2: Strikes out swinging
Bottom of the 1st over - 3 run(s), 1 hit(s), 0 error(s), 0 left on base; Alloway 3 - Naperville 3
TOP OF THE 2ND
Alloway Halberds batting - Pitching for Naperville Battlekings : RHP Javier Dávila
Batting: LHB Esteban Casillas 0-0: Ball
1-0: SINGLE (Groundball, 4MD)
Batting: SHB Pancho De La Rosa 0-0: Ball
1-0: Foul Ball, location: 2F
1-1: Ball
2-1: Foul Ball, location: 2F
2-2: Ball
3-2: Base on Balls
Esteban Casillas to second
Batting: RHB Juan Salinas 0-0: Called Strike
0-1: Ball
1-1: Grounds into double play, 4-6-3 (Groundball, 4)
Esteban Casillas to third
Batting: RHB Carlos Maldonado 0-0: Ball
1-0: Ball
2-0: Called Strike
2-1: Fly out, F7 (Flyball, 7)
Top of the 2nd over - 0 run(s), 1 hit(s), 0 error(s), 1 left on base; Alloway 3 - Naperville 3
BOTTOM OF THE 2ND
Naperville Battlekings batting - Pitching for Alloway Halberds : LHP John Hamilton
Batting: RHB Edward Payne 0-0: Ball
1-0: Ball
2-0: Ball
3-0: Base on Balls
Batting: LHB Philip Strickland 0-0: Grounds into double play, 4-6-3 (Groundball, 4)
Batting: RHB Álex Rodríguez 0-0: Ground out 4-3 (Groundball, 4M)
Bottom of the 2nd over - 0 run(s), 0 hit(s), 0 error(s), 0 left on base; Alloway 3 - Naperville 3
TOP OF THE 3RD
Alloway Halberds batting - Pitching for Naperville Battlekings : RHP Javier Dávila
Batting: RHB Christovão Galho 0-0: Foul Ball, location: 2F
0-1: Swinging Strike
0-2: Hit by Pitch
Batting: RHB Jarred Morgan 0-0: Called Strike
0-1: Called Strike
0-2: Ball
1-2: Ball
2-2: Foul Ball, location: 2F
2-2: Strikes out swinging
Batting: RHB Dennis Clifton 0-0: DOUBLE (Groundball, 5L)
Christovão Galho to third
Batting: RHB Stewart Ralston 0-0: Called Strike
0-1: Ball
1-1: Ball
2-1: Swinging Strike
2-2: Ball
3-2: Foul Ball, location: 2F
3-2: Foul Ball, location: 2F
3-2: Base on Balls
Batting: LHB Tony Reynolds 0-0: Called Strike
0-1: Foul Ball, location: 2F
0-2: Strikes out looking
Batting: LHB Esteban Casillas 0-0: Called Strike
0-1: Ball
1-1: Called Strike
1-2: Ball
2-2: Foul Ball, location: 2F
2-2: Fly out, F8 (Flyball, 8RD)
Top of the 3rd over - 0 run(s), 1 hit(s), 0 error(s), 3 left on base; Alloway 3 - Naperville 3
BOTTOM OF THE 3RD
Naperville Battlekings batting - Pitching for Alloway Halberds : LHP John Hamilton
Batting: RHB Jim Unknown 0-0: Swinging Strike
0-1: Ball
1-1: Foul Ball, location: 2F
1-2: Strikes out looking
Batting: RHB António Guzmán 0-0: Ball
1-0: Ball
2-0: Foul Ball, location: 2F
2-1: Foul Ball, location: 2F
2-2: Ball
3-2: Foul Ball, location: 2F
3-2: Ground out 6-3 (Groundball, 6)
Batting: RHB Jorge Baker 0-0: Fly out, F9 (Flyball, 89S)
Bottom of the 3rd over - 0 run(s), 0 hit(s), 0 error(s), 0 left on base; Alloway 3 - Naperville 3
TOP OF THE 4TH
Alloway Halberds batting - Pitching for Naperville Battlekings : RHP Javier Dávila
Batting: SHB Pancho De La Rosa 0-0: Called Strike
0-1: Swinging Strike
0-2: Ball
1-2: Hit by Pitch
Batting: RHB Juan Salinas 0-0: Called Strike
0-1: Foul Ball, location: 2F
0-2: Strikes out swinging
Batting: RHB Carlos Maldonado 0-0: TRIPLE (Flyball, 89XD)
Pancho De La Rosa scores
Batting: RHB Christovão Galho 0-0: Called Strike
0-1: Ball
1-1: Swinging Strike
1-2: Foul Ball, location: 2F
1-2: Strikes out swinging
Batting: RHB Jarred Morgan 0-0: Ball
1-0: SINGLE (Line Drive, 4MD)
Carlos Maldonado scores
Batting: RHB Dennis Clifton 0-0: Called Strike
0-1: Foul Ball, location: 2F
0-2: Ball
1-2: Ball
2-2: Strikes out looking
Top of the 4th over - 2 run(s), 2 hit(s), 0 error(s), 1 left on base; Alloway 5 - Naperville 3
BOTTOM OF THE 4TH
Naperville Battlekings batting - Pitching for Alloway Halberds : LHP John Hamilton
Batting: RHB Scott Zijm 0-0: Ball
1-0: Foul Ball, location: 2F
1-1: Called Strike
1-2: Ball
2-2: Strikes out looking
Batting: LHB Naohiro Sakai 0-0: Swinging Strike
0-1: Ball
1-1: Foul Ball, location: 2F
1-2: Ball
2-2: Ball
3-2: Base on Balls
Batting: RHB Pedro González 0-0: Called Strike
0-1: Ball
1-1: Ball
2-1: Foul Ball, location: 2F
2-2: Foul Ball, location: 2F
2-2: Grounds into double play, 6-4-3 (Groundball, 6)
Bottom of the 4th over - 0 run(s), 0 hit(s), 0 error(s), 0 left on base; Alloway 5 - Naperville 3
TOP OF THE 5TH
Alloway Halberds batting - Pitching for Naperville Battlekings : RHP Javier Dávila
Batting: RHB Stewart Ralston 0-0: Ball
1-0: Foul Ball, location: 2F
1-1: Foul Ball, location: 2F
1-2: Foul Ball, location: 2F
1-2: Fly out, F9 (Flyball, 9)
Batting: LHB Tony Reynolds 0-0: Called Strike
0-1: Called Strike
0-2: Foul Ball, location: 2F
0-2: Ball
1-2: Strikes out swinging
Batting: LHB Esteban Casillas 0-0: Ball
1-0: Swinging Strike
1-1: Swinging Strike
1-2: Foul Ball, location: 2F
1-2: Ball
2-2: Strikes out swinging
Top of the 5th over - 0 run(s), 0 hit(s), 0 error(s), 0 left on base; Alloway 5 - Naperville 3
BOTTOM OF THE 5TH
Naperville Battlekings batting - Pitching for Alloway Halberds : LHP John Hamilton
Batting: RHB Edward Payne 0-0: Ball
1-0: Swinging Strike
1-1: Called Strike
1-2: Ball
2-2: Strikes out swinging
Batting: LHB Philip Strickland 0-0: Ball
1-0: Called Strike
1-1: Swinging Strike
1-2: Foul Ball, location: 2F
1-2: Ground out 6-3 (Groundball, 6)
Batting: RHB Álex Rodríguez 0-0: Ground out 5-3 (Groundball, 56)
Bottom of the 5th over - 0 run(s), 0 hit(s), 0 error(s), 0 left on base; Alloway 5 - Naperville 3
TOP OF THE 6TH
Alloway Halberds batting - Pitching for Naperville Battlekings : RHP Javier Dávila
Batting: SHB Pancho De La Rosa 0-0: Foul Ball, location: 2F
0-1: Called Strike
0-2: Ball
1-2: Foul Ball, location: 2F
1-2: Strikes out swinging
Batting: RHB Juan Salinas 0-0: Ball
1-0: Called Strike
1-1: SINGLE (Line Drive, 4D)
Batting: RHB Carlos Maldonado 0-0: Ball
1-0: DOUBLE (Line Drive, 9D)
Juan Salinas to third
Runner from 3rd tries for Home, SAFE, throw made home
Batting: RHB Christovão Galho 0-0: Ball
1-0: Fly out, F8 (Flyball, 8LM)
Batting: RHB Jarred Morgan 0-0: Called Strike
0-1: Ball
1-1: Ball
2-1: SINGLE (Flyball, 89S)
Carlos Maldonado to third
Runner from 3rd tries for Home, SAFE, no throw
Pitching: RHP Willis Parker
Batting: RHB Dennis Clifton 0-0: Ball
1-0: Ball
2-0: Fielders Choice at 2nd, 5-4 (Groundball, 56)
Top of the 6th over - 2 run(s), 3 hit(s), 0 error(s), 0 left on base; Alloway 7 - Naperville 3
BOTTOM OF THE 6TH
Naperville Battlekings batting - Pitching for Alloway Halberds : LHP John Hamilton
Batting: RHB Jim Unknown 0-0: Ball
1-0: Ball
2-0: Reached on error, E8 (Flyball, 8LM)
Batting: RHB António Guzmán 0-0: Called Strike
0-1: Ball
1-1: Foul Ball, location: 2F
1-2: Foul Ball, location: 2F
1-2: Ball
2-2: Foul Ball, location: 2F
2-2: Fly out, F9 (Flyball, 89M)
Batting: RHB Jorge Baker 0-0: Called Strike
0-1: Called Strike
0-2: Ball
1-2: Grounds into double play, 5-4-3 (Groundball, 56)
Bottom of the 6th over - 0 run(s), 0 hit(s), 1 error(s), 0 left on base; Alloway 7 - Naperville 3
TOP OF THE 7TH
Alloway Halberds batting - Pitching for Naperville Battlekings : RHP Willis Parker
Batting: RHB Stewart Ralston 0-0: Ball
1-0: Swinging Strike
1-1: Fly out, F8 (Flyball, 8RM)
Batting: LHB Tony Reynolds 0-0: Ball
1-0: Fly out, F7 (Flyball, 7S)
Batting: LHB Esteban Casillas 0-0: Ball
1-0: Foul Ball, location: 2F
1-1: Swinging Strike
1-2: Fly out, F9 (Flyball, 89S)
Top of the 7th over - 0 run(s), 0 hit(s), 0 error(s), 0 left on base; Alloway 7 - Naperville 3
BOTTOM OF THE 7TH
Naperville Battlekings batting - Pitching for Alloway Halberds : LHP John Hamilton
Batting: RHB Scott Zijm 0-0: Called Strike
0-1: Ground out 4-3 (Groundball, 4S)
Batting: LHB Naohiro Sakai 0-0: Hit by Pitch
Batting: RHB Pedro González 0-0: Ball
1-0: Ball
2-0: Foul Ball, location: 2F
2-1: Foul Ball, location: 2F
2-2: Grounds into double play, 6-4-3 (Groundball, 6)
Bottom of the 7th over - 0 run(s), 0 hit(s), 0 error(s), 0 left on base; Alloway 7 - Naperville 3
TOP OF THE 8TH
Alloway Halberds batting - Pitching for Naperville Battlekings : RHP Willis Parker
Batting: SHB Pancho De La Rosa 0-0: Ball
1-0: Foul Ball, location: 2F
1-1: Ball
2-1: Foul Ball, location: 2F
2-2: SOLO HOME RUN (Flyball, 89XD), Distance : 391 ft
Batting: RHB Juan Salinas 0-0: Ball
1-0: Called Strike
1-1: Ball
2-1: Swinging Strike
2-2: Foul Ball, location: 2F
2-2: Ball
3-2: Foul Ball, location: 2F
3-2: Base on Balls
Batting: RHB Carlos Maldonado 0-0: Ball
Wild Pitch!
Juan Salinas to second
1-0: Ball
2-0: SINGLE (Groundball, 6MD)
Juan Salinas to third
Batting: RHB Christovão Galho 0-0: Ball
1-0: Ball
2-0: Called Strike
2-1: Ball
3-1: Fly out, F8 (Flyball, 8RM)
Runner from 3rd tags up, SCORES, no throw
Batting: RHB Jarred Morgan 0-0: Called Strike
0-1: Ball
1-1: Ball
2-1: Called Strike
2-2: 2-RUN HOME RUN (Line Drive, 7D), Distance : 380 ft
Pitching: LHP Dusty Muhidini
Batting: RHB Dennis Clifton 0-0: Ball
1-0: SINGLE (Groundball, 56D)
Batting: RHB Stewart Ralston 0-0: Ball
1-0: Foul Ball, location: 2F
1-1: Swinging Strike
1-2: Ball
2-2: Ground out 5-3 (Groundball, 25)
Dennis Clifton to second
Batting: LHB Tony Reynolds 0-0: Fly out, F8 (Flyball, 78S)
Top of the 8th over - 4 run(s), 4 hit(s), 0 error(s), 1 left on base; Alloway 11 - Naperville 3
BOTTOM OF THE 8TH
Naperville Battlekings batting - Pitching for Alloway Halberds : LHP John Hamilton
Batting: RHB Edward Payne 0-0: Ball
1-0: Fly out, F4 (Popup, 34D)
Batting: LHB Philip Strickland 0-0: Foul Ball, location: 2F
0-1: Ball
1-1: Foul Ball, location: 2F
1-2: Reached on error, E4 (Groundball, 4)
Batting: RHB Álex Rodríguez 0-0: Called Strike
0-1: Swinging Strike
0-2: Fly out, F6 (Popup, 6D)
Batting: RHB Jim Unknown 0-0: Ball
1-0: DOUBLE (Flyball, 9)
Philip Strickland to third
Batting: RHB António Guzmán 0-0: Called Strike
0-1: Fly out, F9 (Flyball, 9S)
Bottom of the 8th over - 0 run(s), 1 hit(s), 1 error(s), 2 left on base; Alloway 11 - Naperville 3
TOP OF THE 9TH
Alloway Halberds batting - Pitching for Naperville Battlekings : LHP Dusty Muhidini
Batting: LHB Esteban Casillas 0-0: Ball
1-0: Called Strike
1-1: Ball
2-1: Swinging Strike
2-2: Reached on error, E4 (Groundball, 4)
Batting: SHB Pancho De La Rosa 0-0: Hit by Pitch
Esteban Casillas to second
Batting: RHB Juan Salinas 0-0: Called Strike
0-1: Fielders Choice at 2nd, 1-4 (Groundball, 15S)
Esteban Casillas to third
Batting: RHB Carlos Maldonado 0-0: Called Strike
0-1: Foul Ball, location: 2F
0-2: Foul Ball, location: 2F
0-2: Ball
1-2: Foul Ball, location: 2F
1-2: Ball
2-2: Foul Ball, location: 2F
2-2: Fly out, F7 (Line Drive, 7)
Runner from 3rd tags up, SCORES, throw made
Batting: RHB Christovão Galho 0-0: Ball
1-0: Swinging Strike
1-1: Ball
2-1: Ball
3-1: Fly out, F9 (Flyball, 9S)
Top of the 9th over - 1 run(s), 0 hit(s), 1 error(s), 1 left on base; Alloway 12 - Naperville 3
BOTTOM OF THE 9TH
Naperville Battlekings batting - Pitching for Alloway Halberds : LHP John Hamilton
Batting: RHB Jorge Baker 0-0: Foul Ball, location: 2F
0-1: Swinging Strike
0-2: Ball
1-2: Foul Ball, location: 2F
1-2: Ball
2-2: Ball
3-2: Foul Ball, location: 2F
3-2: Foul Ball, location: 2F
3-2: SOLO HOME RUN (Flyball, 89XD), Distance : 389 ft
Pitching: LHP Jim Unknown
Batting: RHB Scott Zijm 0-0: Ball
1-0: Called Strike
1-1: SINGLE (Line Drive, 56D)
Batting: LHB Naohiro Sakai 0-0: Ball
1-0: DOUBLE (Flyball, 89XD)
Scott Zijm to third
Batting: RHB Pedro González 0-0: Swinging Strike
0-1: Ball
1-1: Ball
2-1: Ball
3-1: Fly out, F6 (Popup, 56D)
Batting: RHB Edward Payne 0-0: Called Strike
0-1: Ball
1-1: Called Strike
1-2: SINGLE (Groundball, 56D)
Scott Zijm scores
Naohiro Sakai to third
Batting: LHB Philip Strickland 0-0: Ball
1-0: Ball
2-0: Ball
3-0: Called Strike
3-1: Base on Balls
Edward Payne to second
Batting: RHB Álex Rodríguez 0-0: Called Strike
0-1: Ball
1-1: Foul Ball, location: 2F
1-2: Ball
2-2: Foul Ball, location: 2F
2-2: Strikes out swinging
Batting: RHB Jim Unknown 0-0: Ball
1-0: Called Strike
1-1: Foul Ball, location: 2F
1-2: Strikes out swinging
Bottom of the 9th over - 2 run(s), 4 hit(s), 0 error(s), 3 left on base; Alloway 12 - Naperville 5
Friday, December 30th, 2016 - OOTP Baseball 17.12 Build 75